 Dungeon Crawl Stone Soup version 0.29.1-2-gbd0b4ee654 (webtiles) character file.

Game seed: 4907718353966390466

14799 Haldmier the Zephyrmancer (level 12, -3/72 HPs)
             Began as a Tengu Air Elementalist on Nov 27, 2022.
             Was an Elder of Vehumet.
             Slain by a blink frog (13 damage)
             ... on level 2 of the Lair of Beasts.
             The game lasted 01:16:21 (17181 turns).

Haldmier the Zephyrmancer (Tengu Air Elementalist) Turns: 17181, Time: 01:16:22

Health: -3/72      AC: 10    Str:  9    XL:     12   Next: 20%
Magic:  16/17      EV: 18    Int: 22    God:    Vehumet [****..]
Gold:   623        SH:  5    Dex: 16    Spells: 7/17 levels left

rFire   + . .      SeeInvis .   G - +10 hand axe of the Resonant God {vorpal, Int+3}
rCold   . . .      Faith    .   z - +0 buckler
rNeg    . . .      Spirit   .   E - +1 leather armour {rF+}
rPois   +          Reflect  .   (helmet restricted)
rElec   .          Harm     .   h - +0 cloak
rCorr   .          Rampage  .   k - +0 pair of gloves
Will    .....                   (boots unavailable)
Stlth   ++........              (no amulet)
HPRegen 0.22/turn               I - +4 ring of protection
MPRegen 0.15/turn               c - ring of poison resistance

@: flying quickly and evasively, quick
A: beak, talons 3, nimble flight
a: Renounce Religion


You were on level 2 of the Lair of Beasts.
You worshipped Vehumet.
Vehumet was greatly pleased with you.
You visited 3 branches of the dungeon, and saw 14 of its levels.

You collected 623 gold pieces.

Inventory:

Hand Weapons
 a - a +2 flail of holy wrath
 D - a +2 short sword of draining
 G - the +10 hand axe of the Resonant God (weapon) {vorpal, Int+3}
   (You found it on level 4 of the Dungeon)

   It inflicts extra damage upon your enemies.
   Int:       It affects your intelligence (+3).
 J - a +5 scimitar
Missiles
 r - 2 throwing nets
Armour
 b - +0 acid dragon scales
 h - a +0 cloak (worn)
 k - a +0 pair of gloves (worn)
 z - a +0 buckler (worn)
 A - +0 steam dragon scales
 C - a +1 robe of positive energy
 E - a +1 leather armour of fire resistance (worn)
Magical Staves
 s - a staff of cold
Jewellery
 c - a ring of poison resistance (right hand)
 f - a +6 ring of dexterity
 j - a ring of ice
 H - a ring of magical power
 I - a +4 ring of protection (left hand)
 K - a ring of ice
Wands
 F - a wand of mindburst (15)
 M - a wand of acid (4)
 P - a wand of polymorph (4)
 R - a wand of roots (7)
Scrolls
 e - a scroll of poison
 g - a scroll of blinking
 l - a scroll of fog
 m - a scroll of enchant armour
 n - 2 scrolls of fear
 t - 3 scrolls of immolation
 u - 2 scrolls of teleportation
 v - a scroll of vulnerability
 y - a scroll of amnesia
 B - a scroll of silence
 Q - a scroll of magic mapping
Potions
 d - 4 potions of attraction
 i - 4 potions of berserk rage
 o - 2 potions of ambrosia
 p - 5 potions of curing
 w - a potion of might
 x - 4 potions of haste
 L - 2 potions of mutation
 N - a potion of lignification
 O - a potion of resistance


   Skills:
 + Level 7.4 Fighting
 * Level 9.5 Axes
 + Level 9.2 Dodging
 - Level 3.5 Stealth
 - Level 4.0 Shields
 + Level 3.2 Spellcasting
 + Level 10.7 Conjurations
 + Level 12.6 Air Magic


You had 7 spell levels left.
You knew the following spells:

 Your Spells              Type           Power      Damage    Failure   Level
a - Shock                 Conj/Air       100%       1d9       1%          1
b - Static Discharge      Conj/Air       53%        3-10/arc  1%          2
c - Swiftness             Air            56%        N/A       1%          3
d - Airstrike             Air            28%        2d(4-20)  1%          4

Your spell library contained the following spells:

 Spells                   Type           Power      Damage    Failure   Level
 Ignite Poison            Fire/Tmut/Pois 3%         N/A       17%         3
 Necrotise                Necr           12%        1d4       22%         1
 Summon Small Mammal      Summ           12%        N/A       22%         1
 Call Canine Familiar     Summ           3%         N/A       56%         3
 Summon Guardian Golem    Hex/Summ       3%         N/A       56%         3
 Vampiric Draining        Necr           3%         2d6       56%         3
 Agony                    Necr           3%         N/A       99%         5


Dungeon Overview and Level Annotations

Branches:
Dungeon (11/15)            Temple (1/1) D:4            Lair (2/5) D:8
  Swamp: Lair:2-3    Shoals: Lair:2-3     Snake: Lair:2-3    Spider: Lair:2-3
    Orc: D:9-12

Altars:
Ashenzari
Cheibriados
Dithmenos
Elyvilon
Fedhas
Gozag
Hepliaklqana
Kikubaaqudgha
Makhleb
Nemelex Xobeh
Okawaru
Qazlal
Ru
Sif Muna
Trog
Uskayaw
Vehumet
Wu Jian
Xom
Yredelemnul
Zin
The Shining One

Shops:
D:1 (   D:5 [

Annotations:
D:5 Crystal room
D:10 1 runed translucent door, raph's ghost, journeyman DrEE
D:11 exclusion: ogre mage


Innate Abilities, Weirdness & Mutations

You have a beak for a mouth.
You have claws for feet.
Your magical nature lets you fly swiftly and evasively.


Message History

The blink frog is severely wounded.
You slash the blink frog! You hit the wyvern. The wyvern barely misses you.
The blink frog hits you!
The blink frog blinks!
The blink frog hits you.
The blink frog blinks!
The wyvern bites you!
The blink frog blinks!
You slash the wyvern! Your kick misses the wyvern.
The wyvern is heavily wounded.
You block the wyvern's attack.
You hit the wyvern. You claw the wyvern, but do no damage. You peck the wyvern.
The wyvern is severely wounded.
You miss the blink frog. You closely miss the blink frog.
The blink frog blinks! x2; The wyvern barely misses you.
You barely miss the wyvern. Your kick misses the wyvern.
Your peck misses the wyvern.
The wyvern is severely wounded.
You hit the blink frog. x2; The blink frog hits you!
* * * LOW HITPOINT WARNING * * *
You block the wyvern's attack.
The blink frog blinks!
You slash the blink frog! Your kick misses the blink frog.
The blink frog is heavily wounded.
You barely miss the wyvern. The wyvern misses you.
The blink frog completely misses you. You block the wyvern's attack.
The blink frog blinks!
You slash the blink frog! You peck the blink frog.
The blink frog is almost dead.
You hit the wyvern. The wyvern barely misses you. The blink frog hits you.
* * * LOW HITPOINT WARNING * * *
The blink frog blinks!
You hit the wyvern but do no damage. Your kick misses the wyvern.
You peck the wyvern, but do no damage.
The wyvern is severely wounded.
You block the wyvern's attack.
The blink frog blinks!
You hit the wyvern. Your kick misses the wyvern.
The wyvern is almost dead.
You hit the blink frog. You barely miss the blink frog.
The blink frog misses you.
The wyvern hisses menacingly.
The wyvern misses you. The blink frog hits you!
* * * LOW HITPOINT WARNING * * *
The blink frog hits you!
You die...

#P..........
#.......#.# #~
#........## ##~
#........# #~~
#........###~~
######....#....##.P
#..#...>#####......
##lF.F#.## #......
#.F@.P### ##..#..
#.F.#.### ##...†
....# ### #.....
..# ##..... .
#...... #.......
#....... #........
#P.......


You could see 4 blink frogs and a wyvern.

Vanquished Creatures
  A hydra (Lair:2)
  2 two-headed ogres (D:10)
  Urug (D:10)
  The ghost of xelsha the Frost Mage, a novice GnIE (D:6)
  Pikel (D:6)
  A cyclops (D:11)
  Joseph (D:8)
  A black mamba (Lair:1)
  A gargoyle (D:9)
  Maggie (D:10)
  2 cane toads
  A kobold demonologist (D:9)
  A rime drake (Lair:2)
  2 komodo dragons (Lair:2)
  2 trolls
  A hornet (D:9)
  3 blink frogs (Lair:2)
  A vampire (D:10)
  7 yaks
  A wyvern (D:8)
  Eustachio (D:5)
  2 steam dragons (D:8)
  Duvessa (D:4)
  2 water moccasins
  2 ice beasts
  2 black bears
  2 ogres
  3 phantoms (D:5)
  2 lemures (D:6)
  6 centaurs
  Blork the orc (D:5)
  5 kobold brigands
  3 bullfrogs
  2 gnoll sergeants
  6 scorpions
  A water moccasin skeleton (D:5)
  A water moccasin zombie (D:5)
  13 wights
  Dowan (D:4)
  6 killer bees (D:8)
  10 electric eels
  6 howler monkeys
  3 bullfrog zombies (D:5)
  4 hounds
  3 gnoll boudas
  2 orc priests
  2 jellies
  A centaur skeleton (D:5)
  3 iguanas
  4 orc wizards
  A killer bee zombie (D:5)
  A howler monkey zombie (D:5)
  25 gnolls
  7 adders
  2 shadow imps
  An ufetubus (D:7)
  3 worms
  16 orcs
  7 endoplasms
  4 giant cockroaches
  6 goblins
  11 hobgoblins
  16 jackals
  27 kobolds
  4 ball pythons
  5 bats
  A frilled lizard (D:2)
  4 rats
273 creatures vanquished.

Vanquished Creatures (others)
  A human (D:4)
  7 fungi
  27 plants
  4 withered plants (D:5)
39 creatures vanquished.

Grand Total: 312 creatures vanquished

Notes
Turn   | Place    | Note
-------+----------+-------------------------------------------
     0 | D:1      | Haldmier the Tengu Air Elementalist began the quest for the
                  | Orb.
     0 | D:1      | Reached XP level 1. HP: 10/10 MP: 4/4
   122 | D:1      | Reached XP level 2. HP: 15/15 MP: 0/6
   181 | D:1      | Found a faded altar of an unknown god.
   185 | D:1      | Learned a level 2 spell: Static Discharge
   634 | D:1      | Reached XP level 3. HP: 19/19 MP: 2/7
   765 | D:1      | Found Jematore's Weapon Shop.
  1590 | D:2      | Reached XP level 4. HP: 24/24 MP: 5/8
  1619 | D:2      | Learned a level 4 spell: Airstrike
  1772 | D:2      | Reached skill level 5 in Air Magic
  2431 | D:3      | Noticed a gnoll sergeant
  2875 | D:3      | Gained mutation: Your magical nature lets you fly swiftly
                  | and evasively. [Tengu growth]
  2875 | D:3      | Reached XP level 5. HP: 28/28 MP: 5/9
  3080 | D:3      | Found a broken altar of Ashenzari.
  3367 | D:3      | Found a burning altar of Makhleb.
  3849 | D:4      | Noticed a black bear
  4008 | D:4      | Found a staircase to the Ecumenical Temple.
  4016 | Temple   | Entered the Ecumenical Temple
  4016 | Temple   | Found a transporter.
  4016 | Temple   | Found a transporter.
  4018 | Temple   | Found a transporter.
  4018 | Temple   | Found a transporter.
  4034 | Temple   | Became a worshipper of Vehumet
  4074 | D:4      | Reached skill level 6 in Air Magic
  4118 | D:4      | Reached XP level 6. HP: 28/32 MP: 11/11
  4227 | D:4      | Found an ancient bone altar of Kikubaaqudgha.
  4229 | D:4      | Noticed a human
  4230 | D:4      | Killed a human
  4668 | D:4      | Reached skill level 1 in Shields
  4728 | D:4      | Reached XP level 7. HP: 35/36 MP: 0/12
  4885 | D:4      | Noticed Duvessa
  4886 | D:4      | Noticed Dowan
  4896 | D:4      | Killed Dowan
  4897 | D:4      | Reached skill level 7 in Air Magic
  4899 | D:4      | Killed Duvessa
  5060 | D:4      | Identified the +10 hand axe of the Resonant God {vorpal,
                  | Int+3}
  5070 | D:4      | Learned a level 3 spell: Swiftness
  5444 | D:5      | Entered Level 5 of the Dungeon
  5444 | D:5      | Noticed Eustachio
  5536 | D:5      | Found a shadowy altar of Dithmenos.
  5607 | D:5      | Found Ekyoren's Armour Shop.
  5765 | D:5      | Reached skill level 1 in Axes
  5824 | D:5      | Reached skill level 1 in Fighting
  5850 | D:5      | Reached XP level 8. HP: 38/43 MP: 8/13
  5856 | D:5      | Reached skill level 8 in Air Magic
  5859 | D:5      | Reached skill level 5 in Conjurations
  5941 | D:5      | Reached * piety under Vehumet
  5941 | D:5      | Offered knowledge of Freeze by Vehumet.
  5999 | D:5      | Noticed Blork the orc
  6237 | D:5      | Reached skill level 5 in Dodging
  6538 | D:5      | Killed Eustachio
  6654 | D:5      | Killed Blork the orc
  6655 | D:5      | Reached skill level 9 in Air Magic
  6655 | D:5      | Reached XP level 9. HP: 35/49 MP: 7/14
  7223 | D:6      | Found a sacrificial altar of Ru.
  7355 | D:6      | Found a runed translucent door.
  7357 | D:6      | Noticed xelsha's ghost (novice GnIE)
  7793 | D:6      | Noticed Pikel
  7935 | D:6      | Killed Pikel
  8397 | D:6      | Found a runed translucent door.
  8511 | D:6      | Offered knowledge of Poisonous Vapours by Vehumet.
  8512 | D:6      | Reached ** piety under Vehumet
  9098 | D:7      | Reached skill level 10 in Air Magic
  9223 | D:7      | Reached XP level 10. HP: 52/58 MP: 7/15
  9347 | D:7      | Reached skill level 5 in Axes
  9805 | D:7      | Found a stormy altar of Qazlal.
 10120 | D:6      | Killed xelsha's ghost
 10121 | D:6      | Reached skill level 5 in Fighting
 10371 | D:8      | Found a staircase to the Lair.
 10644 | D:8      | Offered knowledge of Searing Ray by Vehumet.
 10746 | D:8      | Noticed Joseph
 11144 | D:8      | Killed Joseph
 11145 | D:8      | Reached skill level 11 in Air Magic
 11217 | D:8      | Reached *** piety under Vehumet
 11272 | D:8      | HP: 1/59 [electric eel/bolt of electricity (10)]
 12519 | D:9      | Reached XP level 11. HP: 64/64 MP: 13/16
 12527 | D:9      | Offered knowledge of Frozen Ramparts by Vehumet.
 14012 | Lair:1   | Entered Level 1 of the Lair of Beasts
 14170 | Lair:1   | Noticed a six-headed hydra
 14251 | D:10     | Entered Level 10 of the Dungeon
 14321 | D:10     | Found a runed translucent door.
 14324 | D:10     | Identified the +6 spear of the Past {spect, +Blink Dex+4}
 14325 | D:10     | Noticed a spriggan rider
 14325 | D:10     | Noticed raph's ghost (journeyman DrEE)
 14415 | D:10     | Noticed Maggie
 14430 | D:10     | Killed Maggie
 14493 | D:10     | Noticed a two-headed ogre
 14500 | D:10     | Killed a two-headed ogre
 14918 | D:10     | Found an ornate altar of the Wu Jian Council.
 15172 | D:10     | Noticed a two-headed ogre
 15184 | D:10     | Killed a two-headed ogre
 15185 | D:10     | Reached skill level 12 in Air Magic
 15234 | D:10     | Noticed Urug
 15431 | D:10     | Killed Urug
 15432 | D:10     | Reached skill level 10 in Conjurations
 15880 | D:11     | Noticed a cyclops
 15891 | D:11     | Killed a cyclops
 16008 | D:11     | Noticed an ogre mage
 16008 | D:11     | Noticed a boulder beetle
 16733 | Lair:2   | Reached XP level 12. HP: 65/72 MP: 5/17
 16801 | Lair:2   | Noticed a four-headed hydra
 16805 | Lair:2   | Killed a four-headed hydra
 16974 | Lair:2   | Reached **** piety under Vehumet
 17121 | Lair:2   | Offered knowledge of Ignite Poison by Vehumet.
 17181 | Lair:2   | Slain by a blink frog

Illustrated notes

Levels and vault maps discovered:
D:1:      amcnicky_arrival_double_pillar, layout_loops_ring, serial_shops,
          nicolae_shop_bloodbath_and_beyond, shapermc_ecumenical_altar_ellora
D:2:      layout_loops_corners
D:3:      layout_basic, nicolae_ashenzari_panopticon,
          mainiacjoe_overflow_catwalk, kennysheep_generic_room_16
D:4:      layout_loops_ring, tgw_kikubaaqudgha, minmay_temple_entry_slanted,
          amcnicky_mini_corridor_feature, uniq_duvessa
D:5:      layout_cave_pods, lemuel_tele_altar, serial_undead, serial_undead_d,
          serial_undead_a, serial_undead_e, serial_undead_f,
          nicolae_take_the_stairs, due_unseen_surprise, uniq_blork_the_orc,
          uniq_eustachio
D:6:      layout_layer_cave, old_standard_altar, ebering_ghost_sewer_f,
          minmay_misc_feat_columns, uniq_pikel
D:7:      kennysheep_spiral_hall, layout_basic, mainiacjoe_overflow_brackets
D:8:      layout_basic, dpeg_oklobed_lair, uniq_joseph
D:9:      layout_basic, minmay_misc_feat_rows,
          amcnicky_mini_rare_corridor_liquid, serial_bayou_pond_b
D:10:     layout_basic, pdpol_wu_jian_five_deadly_venoms,
          ebering_ghost_funeral_grove, uniq_urug, uniq_maggie
D:11:     layout_irregular_city, david_orc_2, minmay_bent
Temple:   hellmonk_temple_divided_pantheon
Lair:1:   layout_layer_cave, nicolae_lair_run_with_the_wolves, lemuel_fruit_tree
Lair:2:   layout_cave_pods, minmay_snake_entry_guardpost_small,
          serial_bayou_shore_a

Skill      XL: |  1  2  3  4  5  6  7  8  9 10 11 |
---------------+----------------------------------+-----
Conjurations   | 2 3 4 5 7 9 10 | 10.7
Air Magic      | 5 6 7 9 10 11 12 | 12.6
Dodging        | 3 4 5 6 7 9 |  9.2
Stealth        | 3 |  3.5
Spellcasting   | 3 |  3.2
Shields        | 1 2 3 4 |  4.0
Axes           | 1 3 4 6 9 |  9.5
Fighting       | 1 2 4 5 7 |  7.4

Action                   |  1- 3 |  4- 6 |  7- 9 | 10-12 || total
-------------------------+-------+-------+-------+-------++-------
Melee: Short sword       |    14 |    10 |       |       ||    24
       Kick              |     2 |     3 |    12 |    22 ||    39
       Peck              |     1 |     1 |    10 |    15 ||    27
       Dagger            |       |     4 |       |       ||     4
       Hand axe          |       |       |    44 |    83 ||   127
 Cast: Shock             |    53 |   116 |   217 |   224 ||   610
       Airstrike         |       |       |     5 |    82 ||    87
       Static Discharge  |       |       |       |     6 ||     6
  Use: Scroll            |       |     4 |    12 |     8 ||    24
       Potion            |       |       |       |     3 ||     3
 Stab: Sleeping          |     1 |       |       |       ||     1
Armor: Robe              |     1 |     2 |       |       ||     3
       Leather armour    |       |     2 |     9 |    29 ||    40
Dodge: Dodged            |    14 |    16 |    52 |   108 ||   190
Block: Buckler           |       |     1 |    18 |    27 ||    46
